 Dungeon Crawl Stone Soup version 0.30.0-29-ga12c61a403 (webtiles) character file.

Game seed: 17713098431242915195

2039 cdecastro the Transmogrifier (level 9, -6/64 HPs)
             Began as a Purple Draconian Transmuter on June 23, 2023.
             Was a Follower of Sif Muna.
             Mangled by a gnoll sergeant
             ... wielding a +0 glaive
              (14 damage)
             ... in a bailey.
             The game lasted 00:18:55 (6915 turns).

cdecastro the Transmogrifier (DrTm)                 Turns: 6915, Time: 00:18:56

Health: -6/64      AC:  2    Str: 13    XL:     9   Next: 4%
Magic:  5/12       EV: 19    Int: 18    God:    Sif Muna [*.....]
Gold:   190        SH:  0    Dex: 16    Spells: 2/12 levels left

rFire   . .          .
                       - Unarmed
rCold   . . .        (shield currently unavailable)
rNeg    . . .        (body armour unavailable)
rPois   x            (helmet currently unavailable)
rElec   .            G - melded +2 cloak
rCorr   +            E - melded +2 pair of gloves
SInv    .            i - melded +0 pair of boots
Will    ++...        (no amulet)
Stlth   +            q - ring of resist corrosion
HPRegen 0.30/turn    y - ring of willpower
MPRegen 0.13/turn

%: no passive effects
@: spider-form, wereblooded
A: venomous fangs, (breathe power), AC +7, tiny, unfitting armour,
(cold-blooded)
a: End Transformation, Renounce Religion, Channel Magic


You were in a bailey.
You worshipped Sif Muna.
Sif Muna was aware of your devotion.
You were a venomous arachnid creature.
You visited 1 branch of the dungeon, and saw 7 of its levels.
You also visited: Bailey.

You collected 309 gold pieces.
You spent 119 gold pieces at shops.

Inventory:

Missiles
 I - 4 throwing nets
Armour
 i - a +0 pair of boots (melded)
 j - a scarf of shadows
 E - a +2 pair of gloves (melded)
 G - a +2 cloak (melded)
Magical Staves
 p - a staff of conjuration
Jewellery
 l - the ring "Jowituf" {rF+ rN+ Will- Dex+5}
   (You found it on level 2 of the Dungeon)

   [ring of positive energy]

   Dex:       It affects your dexterity (+5).
   rF:        It protects you from fire.
   rN:        It protects you from negative energy.
   Will:      It decreases your willpower.
 q - a ring of resist corrosion (left front pincers)
 y - a ring of willpower (right front pincers)
 B - a ring of magical power
Wands
 r - a wand of paralysis (4)
 u - a wand of iceblast (7)
 A - a wand of acid (9)
Scrolls
 b - a scroll of brand weapon {unknown}
 d - 8 scrolls of identify
 f - a scroll of amnesia {unknown}
 h - 5 scrolls of immolation {unknown}
 m - 3 scrolls of poison {unknown}
 v - a scroll of torment {unknown}
 w - a scroll of butterflies {unknown}
 C - a scroll of acquirement {unknown}
 D - 2 scrolls of blinking {unknown}
 F - a scroll of teleportation {unknown}
 H - a scroll of magic mapping {unknown}
Potions
 a - 2 potions of lignification
 c - 5 potions of curing
 e - 3 potions of flight {unknown}
 g - 4 potions of heal wounds
 k - a potion of invisibility {unknown}
 n - 2 potions of cancellation {unknown}
 o - a potion of brilliance {unknown}
 s - a potion of might {unknown}
 t - a potion of degeneration {unknown}
 x - a potion of haste {unknown}
 z - 2 potions of attraction {unknown}


   Skills:
 - Level 1.1 Fighting
 - Level 1.7 Dodging
 + Level 8.2 Unarmed Combat
 - Level 2.4 Spellcasting
 * Level 9.4 Transmutations


You had 2 spell levels left.
You knew the following spells:

 Your Spells              Type           Power      Damage    Failure   Level
a - Beastly Appendage     Tmut           72%        N/A       3%          1
b - Wereblood             Tmut           36%        N/A       3%          2
c - Spider Form           Tmut/Pois      19%        N/A       21%         3
d - Ice Form              Ice/Tmut       19%        N/A       47%         4

Your spell library contained the following spells:

 Spells                   Type           Power      Damage    Failure   Level
 Ensorcelled Hibernation  Hex/Ice        4%         N/A       47%         2
 Gell's Gravitas          Tloc           2%         N/A       67%         3
 Teleport Other           Tloc           2%         N/A       67%         3
 Anguish                  Hex/Necr       1%         N/A       95%         4
 Dispersal                Tloc           1%         N/A       100%        6


Dungeon Overview and Level Annotations

Branches:
Dungeon (7/15)             Bailey (1/1)
 Temple: D:4-7

Altars:
Gozag
Hepliaklqana
Nemelex Xobeh
Sif Muna
Trog
Uskayaw
Zin

Shops:
D:2 !   D:4 (   D:6 *

Portals:
Abyss: D:3

Annotations:
D:3 2 transporters, cdecastro's ghost, amateur MiHu
D:4 vault need dig
D:6 2 runed translucent doors


Innate Abilities, Weirdness & Mutations

You are a venomous arachnid creature.
You have venomous fangs.
You are tiny and dextrous.
Your spellcasting is less reliable in this form.
Your armour is entirely melded.
You are incapable of wielding weapons or throwing items.
((You can breathe bolts of dispelling energy.))
((Your rich purple scales are hard. (AC +7)))
You cannot fit into any form of body armour.
((You are cold-blooded and may be slowed by cold attacks.))


Message History

The gnoll hits you from afar with a +3 spear.
Unknown command.
Unknown command.
The gnoll hits you with a +3 spear.
The gnoll hits you from afar with a +0 halberd.
The gnoll sergeant misses you.
You see here a hound skeleton.
You hit the gnoll.
The gnoll is poisoned.
The gnoll is heavily wounded.
The gnoll completely misses you. The gnoll sergeant closely misses you.
You bite the gnoll!
You feel a bit better.
You kill the gnoll!
Sif Muna accepts your kill.
The gnoll sergeant completely misses you.
The gnoll sergeant hits you with a +0 glaive!
The gnoll misses you. The gnoll sergeant closely misses you.
The gnoll closely misses you.
Your magical contamination has completely faded away.
Items here: )) [[ †.
You bite the gnoll sergeant!
The gnoll sergeant is poisoned.
The gnoll sergeant is moderately wounded.
The gnoll sergeant hits you with a +0 glaive!
* * * LOW HITPOINT WARNING * * *
The gnoll closely misses you. The gnoll sergeant misses you.
The gnoll closely misses you.
You hit the gnoll sergeant.
The gnoll sergeant looks as sick as possible!
The gnoll sergeant is heavily wounded.
The gnoll sergeant hits you with a +0 glaive.
* * * LOW HITPOINT WARNING * * *
The gnoll completely misses you. The gnoll sergeant closely misses you.
The gnoll hits you from afar with a +0 trident!
* * * LOW HITPOINT WARNING * * *
The gnoll sergeant attacks as you move away!
The gnoll sergeant barely misses you. The gnoll attacks as you move away!
The gnoll hits you with a +0 halberd!
* * * LOW HITPOINT WARNING * * *
The gnoll misses you.
The gnoll sergeant hits you from afar with a +0 glaive!
You die...

♣♣≈≈...# ♣.≈..###
♣♣.≈..# ♣♣..≈..#
♣...≈..# ♣...≈..# .
♣♣...≈..##### ..
#♣♣♣g......'...#...
#∩s)gg.....'...'...
#♣♣♣g).....'...#gg.
♣♣...≈..##### ..
♣♣..≈..# . ♣..≈..#
♣..≈..# ♣♣.≈..#
♣.≈..### ♣♣≈≈...#


You could see 2 gnoll sergeants and 2 gnolls.

Vanquished Creatures
  Prince Ribbit (D:6)
  Edmund (D:4)
  2 water moccasins
  A black bear (D:4)
  An ice beast (D:5)
  2 phantoms
  A kobold brigand (D:4)
  A bullfrog (D:5)
  3 scorpions
  3 howler monkeys
  6 hounds
  A jelly (D:6)
  Crazy Yiuf (D:6)
  3 orc priests
  Natasha (thrice) (D:3)
  An iguana (D:4)
  6 orc wizards
  4 adders
  8 gnolls
  2 white imps
  An ufetubus (D:6)
  A worm (D:3)
  12 orcs
  2 ball pythons
  6 bats
  7 endoplasms
  4 giant cockroaches
  9 goblins
  8 hobgoblins
  2 jackals (D:3)
  2 quokkas
  3 frilled lizards
  9 kobolds
  5 rats
122 creatures vanquished.

Notes
Turn   | Place    | Note
-------+----------+-------------------------------------------
     0 | D:1      | cdecastro the Draconian Transmuter began the quest for the
                  | Orb.
     0 | D:1      | Reached XP level 1. HP: 16/16 MP: 3/3
   137 | D:1      | Reached XP level 2. HP: 23/23 MP: 3/5
  1222 | D:2      | Found a faded altar of an unknown god.
  1261 | D:2      | Reached XP level 3. HP: 28/28 MP: 6/6
  1262 | D:2      | Found Kyapt's Distillery.
  1279 | D:2      | Identified the ring "Jowituf" {rF+ rN+ Will- Dex+5}
  1369 | D:2      | Learned a level 2 spell: Wereblood
  1373 | D:2      | Learned a level 3 spell: Spider Form
  1599 | D:2      | Reached skill level 3 in Transmutations
  2169 | D:2      | Bought a potion of curing for 42 gold pieces
  2412 | D:3      | Noticed a small abomination
  2440 | D:3      | Noticed Natasha
  2449 | D:3      | Killed Natasha
  2450 | D:3      | Reached XP level 4. HP: 27/35 MP: 7/7
  2485 | D:3      | Found a one-way gate to the infinite horrors of the Abyss.
  2485 | D:3      | Noticed cdecastro's ghost (amateur MiHu)
  2782 | D:3      | Reached XP level 5. HP: 19/40 MP: 4/8
  2784 | D:3      | Reached skill level 4 in Transmutations
  2898 | D:3      | Noticed Natasha
  2904 | D:3      | Killed Natasha
  2935 | D:3      | Found a transporter.
  2942 | D:3      | Found a transporter.
  3046 | D:3      | Noticed Natasha
  3057 | D:3      | Killed Natasha
  3058 | D:3      | Reached skill level 5 in Unarmed Combat
  3216 | D:4      | Noticed Edmund
  3514 | D:4      | Found a hazy altar of Hepliaklqana.
  3514 | D:4      | Found an opulent altar of Gozag.
  3514 | D:4      | Found a shimmering blue altar of Sif Muna.
  3518 | D:4      | Found Ruawnut's Antique Weapon Emporium.
  3531 | D:4      | Became a worshipper of Sif Muna the Loreminder
  3596 | D:4      | Reached XP level 6. HP: 43/47 MP: 7/9
  3684 | D:4      | Killed Edmund
  3685 | D:4      | Reached skill level 5 in Transmutations
  3792 | D:4      | Found a glowing silver altar of Zin.
  3838 | D:5      | Entered Level 5 of the Dungeon
  3843 | D:5      | Noticed an ice beast
  3904 | D:4      | HP: 2/47 [iguana (2)]
  4086 | D:5      | Your scales start taking on a rich purple colour.
  4086 | D:5      | Reached XP level 7. HP: 50/52 MP: 4/10
  4286 | D:4      | Learned a level 4 spell: Ice Form
  4344 | D:4      | Reached skill level 6 in Transmutations
  4878 | D:5      | Found a sparkling altar of Nemelex Xobeh.
  4878 | D:5      | Found a bloodstained altar of Trog.
  5163 | D:6      | Reached skill level 7 in Transmutations
  5191 | D:6      | Found a hide-covered altar of Uskayaw.
  5208 | D:6      | Noticed Prince Ribbit
  5241 | D:6      | Killed Prince Ribbit
  5242 | D:6      | Reached XP level 8. HP: 33/59 MP: 2/11
  5509 | D:6      | Found a runed translucent door.
  5510 | D:6      | Noticed Crazy Yiuf
  5517 | D:6      | Killed Crazy Yiuf
  5517 | D:6      | Reached * piety under Sif Muna
  5858 | D:6      | Found a runed translucent door.
  5865 | D:6      | Found a runed translucent door.
  5925 | D:6      | Found Iniuklu's General Store.
  5929 | D:6      | Reached skill level 8 in Transmutations
  5971 | D:6      | Bought a scroll of identify for 22 gold pieces
  5971 | D:6      | Bought a potion of heal wounds for 55 gold pieces
  6237 | D:7      | Noticed a hornet
  6483 | D:7      | Reached skill level 9 in Transmutations
  6623 | D:7      | Found a flagged portal.
  6653 | Bailey   | Entered a bailey
  6663 | Bailey   | Reached XP level 9. HP: 61/64 MP: 8/12
  6915 | Bailey   | Mangled by a gnoll sergeant

Illustrated notes

Levels and vault maps discovered:
D:1:      minmay_arrival_loop, layout_basic
D:2:      layout_basic, serial_shops, shop,
          shapermc_ecumenical_altar_starsandcircs
D:3:      layout_basic, gammafunk_ghost_abyssal_escape, uniq_natasha
D:4:      layout_basic, chequers_temple_overflow_statue_of_worship,
          zin_scriptorium, serial_shops, shop, corexii_leaking_fountain,
          uniq_edmund
D:5:      layout_rooms, gammafunk_temple_overflow_pools
D:6:      lemuel_insect_pit, layout_basic, amcnicky_altar_gilded, serial_shops,
          shop, uniq_prince_ribbit1, uniq_crazy_yiuf_cottage
D:7:      layout_basic, mainiacjoe_overflow_surrounded_room,
          ashenzari_conservatory_becter, minmay_temple_entry_statues,
          enter_bailey_5, columned_hall_lemuel, grunt_ministairs_5
Bailey:   bailey_polearm_gnolls_kennysheep, bailey

Skill      XL: |  1  2  3  4  5  6  7  8 |
---------------+-------------------------+-----
Transmutations | 3 4 5 7 9 |  9.4
Unarmed Combat | 4 5 6 7 8 |  8.2
Fighting       | |  1.1
Dodging        | |  1.7
Spellcasting   | |  2.4

Action                     |  1- 3 |  4- 6 |  7- 9 || total
---------------------------+-------+-------+-------++-------
  Melee: Unarmed           |   102 |    90 |   186 ||   378
         Kick              |    23 |    22 |       ||    45
         Headbutt          |    13 |    13 |       ||    26
         Punch             |     2 |     3 |     4 ||     9
         Tailslap          |     9 |    11 |     5 ||    25
   Cast: Beastly Appendage |    30 |    20 |       ||    50
         Wereblood         |       |     2 |     5 ||     7
         Spider Form       |       |     3 |    24 ||    27
Ability: Breathe Dispellin |       |       |     2 ||     2
  Evoke: Wand              |       |     2 |     1 ||     3
   Stab: Sleeping          |     1 |       |     2 ||     3
         Paralysed         |       |    10 |     5 ||    15
 Armour: Skin              |    29 |    19 |    38 ||    86
  Dodge: Dodged            |    52 |    35 |   181 ||   268
